 Dungeon Crawl Stone Soup version 0.17-a0-1141-g3e25b61 (webtiles) character file.

10138 onwiheg the Bludgeoner (level 11, 0/85 HPs)
             Began as a Formicid Berserker on May 26, 2015.
             Was a High Priest of Trog.
             Slain by a komodo dragon (20 damage)
             ... on level 11 of the Dungeon.
             The game lasted 00:47:52 (11648 turns).

onwiheg the Bludgeoner (Formicid Berserker)        Turns: 11648, Time: 00:47:52

Health: 0/85       AC: 12    Str: 25    XL:     11   Next: 87%
Magic:  11/11      EV: 10    Int:  7    God:    Trog [*****.]
Gold:   455        SH:  0    Dex: 10    Spells: 0 memorised, 10 levels left

rFire  + + .     SeeInvis +     S - +3 dire flail (holy)
rCold  . . .     Clarity  .     K - +1 scale mail {MR+}
rNeg   . . .     SustAt   .     (no shield)
rPois  .         Gourm    .     (helmet unavailable)
rElec  .         Spirit   .     f - +1 cloak
rCorr  .         Warding  .     Z - +0 pair of gloves
rMut   .         Stasis   +     I - +1 pair of boots
MR     ++++.                    (no amulet)
Stlth  ..........               M - ring of protection from fire
                                Q - ring of protection from fire

@: regenerating, drained, incredibly resistant to hostile enchantments,
extremely unstealthy
A: permanent stasis, dig shafts and tunnels, four strong arms, antennae 3
a: Dig, Shaft Self, Burn Spellbooks, Trog's Hand, Brothers in Arms, Renounce
Religion


You were on level 11 of the Dungeon.
You worshipped Trog.
Trog was extremely pleased with you.
You were very hungry.

You visited 1 branch of the dungeon, and saw 11 of its levels.

You collected 572 gold pieces.
You spent 117 gold pieces at shops.

Inventory:

Hand weapons
 y - a +0 blowgun
 S - a +3 dire flail of holy wrath (weapon)
Missiles
 e - 26 poisoned needles
 N - 2 throwing nets (quivered)
Armour
 a - the +3 leather armour of the Orb Guardian {rN+ Slay+6, unknown}
   (You found it on level 11 of the Dungeon)

   It affects your accuracy and damage with ranged weapons and melee attacks
   (+6).
   It protects you from negative energy.
 f - a +1 cloak (worn)
 I - a +1 pair of boots (worn)
 K - a +1 scale mail of magic resistance (worn)
 Z - a +0 pair of gloves (worn)
Jewellery
 p - a +2 ring of evasion
 M - a ring of protection from fire (right hand)
 Q - a ring of protection from fire (left hand)
Magical devices
 b - a wand of magic darts (14)
 r - a wand of frost (33)
 J - a wand of polymorph (14)
 L - a wand of magic darts (15)
 T - a wand of digging (10)
 W - a wand of polymorph (7)
Scrolls
 g - 5 scrolls of immolation
 h - a scroll of remove curse
 j - 2 scrolls of fog {unknown}
 k - a scroll of recharging {unknown}
 m - 2 scrolls of magic mapping
 q - 4 scrolls of identify
 s - a scroll of enchant armour {unknown}
 t - 2 scrolls of noise {unknown}
 v - 2 scrolls of amnesia {unknown}
 E - a scroll of torment {unknown}
 F - a scroll of silence {unknown}
 G - 4 scrolls of random uselessness {unknown}
 V - a scroll of enchant weapon {unknown}
Potions
 d - 5 potions of curing {unknown}
 i - a potion of resistance {unknown}
 l - 4 potions of might {unknown}
 n - 2 potions of agility {unknown}
 o - 3 potions of haste {unknown}
 u - 3 potions of magic {unknown}
 w - 4 potions of brilliance {unknown}
 A - a potion of beneficial mutation {unknown}
 C - a potion of flight {unknown}
 D - 2 potions of poison {unknown}
 H - a potion of degeneration {unknown}
 R - a potion of lignification {unknown}
 U - 3 potions of heal wounds {unknown}
 Y - a potion of berserk rage {unknown}
Miscellaneous
 X - an ornate deck of wonders
Comestibles
 c - 9 bread rations
 x - 3 beef jerkies
 z - 4 fruits
 B - 8 meat rations


   Skills:
 + Level 7.6(7.4) Fighting
 - Level 16.0(15.7) Maces & Flails
 - Level 2.1(1.9) Armour
 - Level 1.7(1.5) Dodging


You had 10 spell levels left.
You didn't know any spells.

Dungeon Overview and Level Annotations

Branches:
Dungeon (11/15)            Temple (0/1) D:5             Orc (0/4) D:9
   Lair: D:8-11

Altars:
Ashenzari
Dithmenos
Fedhas
Nemelex Xobeh
Okawaru
Qazlal
Sif Muna
Trog
Xom
The Shining One

Shops:
D:7 *

Annotations:
D:8 Gastronok
D:10 exclusion: 2 oklob saplings


Innate Abilities, Weirdness & Mutations

You are under a permanent stasis effect.
You can dig through walls and to a lower floor.
Your four strong arms can wield two-handed weapons with a shield.
You have a pair of large antennae on your head (SInv).


Message History

You kill the komodo dragon!
Trog accepts your kill.
You closely miss the mottled dragon. The mottled dragon closely misses you.
The mottled dragon claws you.
* * * LOW HITPOINT WARNING * * *
You closely miss the mottled dragon.
You are feeling very hungry.
Your scale mail prevents you from hitting the mottled dragon.
The mottled dragon barely misses you.
The mottled dragon claws you but does no damage.
You puncture the mottled dragon!
The mottled dragon is moderately wounded.
You impale the mottled dragon!!
You kill the mottled dragon!
Trog accepts your kill.
Use which ability? (? or * to list)
Your skin crawls.
You feel resistant to hostile enchantments.
You feel slightly more hungry. The komodo dragon bites you!!
You die...

....##..##
#..##.......
...###...##
#........... ..##
##...####...........
.<#
#.....##..........#
.##
##..............# >#
#.......#....### .#
##....####...# ##
###### ##.### #@##
#l## #. .. ..# ..#
.#. #.#.


You could see a komodo dragon.

Vanquished Creatures
  Erolcha (D:8)
  Erica (D:8)
  The ghost of projectmayhem the Ducker, an experienced TrWr of Cheibriados (D:7)
  Nergalle (D:10)
  Pikel (D:3)
  A hill giant (D:11)
  2 komodo dragons (D:11)
  Grinder (D:4)
  A two-headed ogre (D:8)
  4 wandering mushrooms (D:10)
  Sigmund (D:4)
  Eustachio (D:4)
  3 hungry ghosts
  Menkaure (D:7)
  A mottled dragon (D:11)
  3 sky beasts
  2 necrophages
  A black bear (D:9)
  2 slaves (D:4)
  2 eyes of draining
  2 orc warriors
  An ice beast (D:8)
  4 ogres
  6 centaurs
  A crocodile (D:11)
  A giant frog (D:9)
  A big kobold (D:7)
  2 water moccasin zombies
  4 scorpions
  9 wights
  3 crimson imps (D:5)
  12 orc wizards
  2 giant frog skeletons
  2 centaur skeletons
  3 jellies
  3 hounds
  8 orc priests
  4 iguanas
  5 worker ants
  A hound skeleton (D:4)
  18 adders
  3 shadow imps
  2 oozes
  7 worms
  55 orcs
  16 bats
  A bat skeleton (D:4)
  8 giant cockroaches
  15 hobgoblins
  8 jackals
  28 kobolds
  4 quokkas
  3 ball pythons
  6 giant geckos
  6 giant newts
  14 goblins
  11 rats
  3 spectral orcs (D:10)
313 creatures vanquished.

Vanquished Creatures (others)
  An ooze (D:4)
  An adder skeleton (D:4)
  An orc (D:11)
  A goblin (D:4)
4 creatures vanquished.

Grand Total: 317 creatures vanquished

Notes
Turn   | Place    | Note
--------------------------------------------------------------
     0 | D:1      | onwiheg the Formicid Berserker began the quest for the Orb.
     0 | D:1      | Reached XP level 1. HP: 18/18 MP: 1/1
    48 | D:1      | Found a shattered altar of Ashenzari.
   106 | D:1      | Reached XP level 2. HP: 14/24 MP: 2/2
   849 | D:1      | Reached skill level 4 in Maces & Flails
   849 | D:1      | Reached XP level 3. HP: 26/29 MP: 3/3
   901 | D:2      | Found a stormy altar of Qazlal.
   942 | D:2      | Found a deep blue altar of Sif Muna.
  1142 | D:2      | Reached XP level 4. HP: 22/35 MP: 4/4
  1296 | D:2      | Acquired Trog's second power
  1758 | D:3      | Reached skill level 5 in Maces & Flails
  1932 | D:3      | Reached XP level 5. HP: 25/41 MP: 5/5
  2538 | D:3      | Reached skill level 6 in Maces & Flails
  2602 | D:3      | Found a sparkling altar of Nemelex Xobeh.
  2995 | D:4      | Reached XP level 6. HP: 44/47 MP: 6/6
  3162 | D:4      | Noticed Sigmund
  3180 | D:4      | Killed Sigmund
  3180 | D:4      | Reached skill level 7 in Maces & Flails
  3180 | D:4      | Reached XP level 7. HP: 27/52 MP: 7/7
  3495 | D:4      | Noticed an ogre
  3511 | D:4      | Killed an ogre
  3545 | D:4      | Reached skill level 8 in Maces & Flails
  3654 | D:4      | Noticed a slave
  3655 | D:4      | Noticed Pikel
  3659 | D:4      | Noticed a slave
  3664 | D:4      | Noticed a slave
  3668 | D:4      | Noticed an ogre
  3765 | D:3      | Killed Pikel
  3765 | D:3      | Reached skill level 9 in Maces & Flails
  3765 | D:3      | Reached XP level 8. HP: 16/58 MP: 8/8
  3972 | D:4      | Noticed Grinder
  3990 | D:3      | Reached skill level 10 in Maces & Flails
  4196 | D:4      | Noticed a freed slave
  4232 | D:4      | Noticed Eustachio
  4305 | D:4      | Killed an ogre
  4336 | D:4      | Killed a freed slave
  4375 | D:4      | Killed a freed slave
  4563 | D:4      | Killed Grinder
  4563 | D:4      | Reached skill level 11 in Maces & Flails
  4563 | D:4      | Reached XP level 9. HP: 55/64 MP: 9/9
  4609 | D:4      | Acquired Trog's third power
  4649 | D:4      | Killed Eustachio
  4779 | D:4      | Found a shimmering altar of Xom.
  4822 | D:5      | Entered Level 5 of the Dungeon
  5035 | D:5      | Found an iron altar of Okawaru.
  5416 | D:5      | Found a staircase to the Ecumenical Temple.
  5447 | D:5      | Found a blossoming altar of Fedhas.
  5779 | D:6      | Reached skill level 12 in Maces & Flails
  5996 | D:6      | Found a stormy altar of Qazlal.
  7049 | D:7      | Noticed Menkaure
  7066 | D:7      | Killed Menkaure
  7151 | D:7      | Noticed projectmayhem's ghost (experienced TrWr)
  7171 | D:8      | Noticed Erolcha
  7213 | D:8      | Killed Erolcha
  7213 | D:8      | Reached skill level 13 in Maces & Flails
  7213 | D:8      | Reached XP level 10. HP: 7/70 MP: 10/10
  7552 | D:8      | Noticed Erica
  7587 | D:8      | Killed Erica
  7587 | D:8      | Reached skill level 14 in Maces & Flails
  8165 | D:8      | Noticed Gastronok
  8216 | D:9      | Found a bloodstained altar of Trog.
  8217 | D:9      | Found a shadowy altar of Dithmenos.
  8476 | D:9      | Found a staircase to the Orcish Mines.
  8609 | D:9      | Received a gift from Trog
  8684 | D:9      | Reached skill level 15 in Maces & Flails
  8765 | D:9      | Found a shimmering altar of Xom.
  8957 | D:8      | Reached XP level 11. HP: 68/75 MP: 11/11
  9254 | D:7      | Killed projectmayhem's ghost
  9449 | D:7      | You fall through a shaft!
  9576 | D:7      | Found Xahum's Assorted Antiques.
  9588 | D:7      | Bought a pair of gloves for 117 gold pieces
 10238 | D:10     | Entered Level 10 of the Dungeon
 10591 | D:10     | Reached skill level 16 in Maces & Flails
 10600 | D:10     | Found a blossoming altar of Fedhas.
 10908 | D:10     | Noticed Nergalle
 10961 | D:10     | Killed Nergalle
 10961 | D:10     | Reached skill level 5 in Fighting
 11040 | D:10     | Got a dazzling hand axe
 11041 | D:10     | Identified the +7 hand axe of Subterfuge {holy, *Drain SInv Stlth+} (You found it on level 10 of the Dungeon)
 11199 | D:11     | Got a translucent leather armour
 11286 | D:11     | Noticed a hill giant
 11314 | D:11     | Killed a hill giant
 11571 | D:11     | Found a glowing golden altar of the Shining One.
 11648 | D:11     | Slain by a komodo dragon

Vault maps used:
D:1:      enne_arrival_octagon_isle, st_stairs_9, minmay_misc_feat_columns,
          minmay_misc_feat_alley, ashenzari_altar_1
D:2:      lemuel_blue_sif_altar, overflow_temple_1_default, minmay_door_square,
          minmay_misc_feat_cross, grunt_ministairs_13
D:3:      nemelex_xobeh_ov_fountains_minmay, first_bread
D:4:      forest_paths, kennysheep_mini_moat, uniq_sigmund, uniq_grinder,
          uniq_pikel, uniq_eustachio
D:5:      kennysheep_mini, minmay_temple_entry_glassed_door,
          okawaru_metal_pillars_1_2
D:6:      corexii_shack_village, grunt_qazlal_clouds
D:7:      serial_shops, nicolae_shop_temple_entry_statues_fountains,
          uniq_menkaure
D:8:      uniq_gastronok, uniq_erica, uniq_erolcha
D:9:      gammafunk_temple_overflow_statue, orc_0_dummy, basic_altar,
          amalloy_card_club
D:10:     hangedman_tree_tricks, minmay_misc_feat_five, uniq_nergalle
D:11:     erik_lair_dragon, basic_altar, serial_shops, shop, special_room

Action                   |  1- 3 |  4- 6 |  7- 9 | 10-12 || total
-------------------------+-------+-------+-------+-------++-------
Melee: Mace              |    91 |   187 |    72 |       ||   350
       Whip              |       |       |   195 |       ||   195
       Flail             |       |       |   286 |   209 ||   495
       Dire flail        |       |       |       |   264 ||   264
       Unarmed           |       |       |       |     8 ||     8
 Fire: Blowgun           |       |       |    20 |    19 ||    39
Invok: Burn Spellbooks   |       |     1 |     2 |       ||     3
       Trog's Hand       |       |       |     1 |     1 ||     2
 Abil: Dig               |     5 |    11 |    14 |     9 ||    39
Evoke: Wand              |       |       |     5 |     2 ||     7
  Use: Scroll            |       |       |       |     5 ||     5
 Stab: Sleeping          |     2 |       |       |       ||     2
  Eat: Chunk             |     1 |     8 |    11 |    15 ||    35
       Beef jerky        |       |       |     1 |     1 ||     2
       Pizza             |       |       |     1 |       ||     1
